 Dungeon Crawl Stone Soup version 0.19-a0-1882-gbb73ea0 (webtiles) character file.

353 Mygna the Basher (level 6, -4/59 HPs)
             Began as an Ogre Hunter on Oct 14, 2016.
             Slain by a hound (6 damage)
             ... while paralysed by Grinder
             ... on level 5 of the Dungeon.
             The game lasted 00:09:48 (4961 turns).

Mygna the Basher (Ogre Hunter)                      Turns: 4961, Time: 00:09:49

Health: -4/59      AC:  3    Str: 18 (20) XL:     6   Next: 62%
Magic:  15/15      EV:  1    Int:  8 (10) God:
Gold:   201        SH:  0    Dex: 13 (15) Spells: 0 memorised, 5 levels left

rFire  . . .     SeeInvis .     q - +1 flail
rCold  . . .     Gourm    .     b - +0 robe
rNeg   . . .     Faith    .     (no shield)
rPois  .         Spirit   .     (helmet restricted)
rElec  .         Dismiss  .     (no cloak)
rCorr  .         Reflect  .     (gloves unavailable)
MR     .....     Harm     .     (boots unavailable)
Stlth  ++........               (no amulet)
                                (no ring)
                                g - ring of magical power

@: paralysed, agile
A: unfitting armour, horns 1, tough skin 1
a: no special abilities


You were on level 5 of the Dungeon.
You were not hungry.

You visited 1 branch of the dungeon, and saw 5 of its levels.

You collected 201 gold pieces.

Inventory:

Hand Weapons
 q - a +1 flail (weapon)
Armour
 b - a +0 robe (worn)
Jewellery
 g - a ring of magical power (left hand)
 i - an uncursed ring of ice
Scrolls
 h - 4 scrolls of identify
 l - 3 scrolls of enchant armour
Potions
 a - a potion of magic
 k - 2 potions of agility
Comestibles
 f - 2 bread rations
 j - 2 meat rations
 r - a royal jelly


   Skills:
 - Level 2.6 Fighting
 + Level 8.3 Maces & Flails
 - Level 4.1 Throwing
 - Level 1.7 Dodging
 - Level 0.6 Stealth


You had 5 spell levels left.
You didn't know any spells.

Dungeon Overview and Level Annotations

Branches:
Dungeon (5/15)
 Temple: D:4-7

Altars:
Qazlal
Trog

Annotations:
D:5 Grinder


Innate Abilities, Weirdness & Mutations

You are too large for most types of armour.
You have tough skin. (AC +1)
You have a pair of small horns on your head.


Message History

You feel fantastic! The hound barely misses you.
It was a potion of degeneration.
There was something very wrong with that liquid.
You feel weakened.
You feel dopey.
You feel clumsy. The hound bites you.
* * * LOW HITPOINT WARNING * * *
Grinder says, "Mostly I couldn't keep them alive."
The hound closely misses you.
You feel agile all of a sudden. The hound barely misses you.
The hound bites you but does no damage. The hound closely misses you.
Grinder gestures at you.
You suddenly lose the ability to move!
The hound bites you.
* * * LOW HITPOINT WARNING * * *
The hound bites you.
* * * LOW HITPOINT WARNING * * *
Grinder blinks!
The hound bites you.
* * * LOW HITPOINT WARNING * * *
The hound bites you.
You die...

######## #......# #......#
#......# #......#### *****
#.........##########..,*******
#......##..5ยง@h(.((...,,,,,,,,
**
#......########.######,*******
,* #......#....,,,.#*****,*
,**#...<....#**,,,..,,,,,,*
...........## *,,,...,,,,,*
.#######.### *,,,....,,,,* ,*
#.# ****.####**,* ,* #.# **.#
*,* ** *.# *,,* *,*


You could see Grinder (inner flame) and a hound (inner flame).

Vanquished Creatures
  A phantom (D:3)
  The ghost of Amnesiac the Ogre Mage, a weakling OgWz (D:3)
  An orc wizard (D:4)
  4 gnolls
  6 adders
  An adder skeleton (D:4)
  5 worms
  2 dart slugs (D:3)
  3 leopard geckos
  5 orcs
  4 giant cockroaches
  10 goblins (D:2)
  9 hobgoblins
  2 jackals (D:3)
  A quokka (D:2)
  2 bats
  4 frilled lizards
  A jackal skeleton (D:4)
  9 kobolds
  10 rats
81 creatures vanquished.

Notes
Turn   | Place    | Note
-------+----------+-------------------------------------------
     0 | D:1      | Mygna the Ogre Hunter began the quest for the Orb.
     0 | D:1      | Reached XP level 1. HP: 22/22 MP: 1/1
   174 | D:1      | Reached skill level 1 in Maces & Flails
   313 | D:1      | Reached XP level 2. HP: 25/29 MP: 2/2
   408 | D:1      | Reached skill level 2 in Maces & Flails
   874 | D:2      | Reached skill level 3 in Maces & Flails
   914 | D:2      | Reached XP level 3. HP: 24/36 MP: 3/3
  1251 | D:2      | Reached skill level 4 in Maces & Flails
  1441 | D:2      | Reached XP level 4. HP: 32/44 MP: 4/4
  2092 | D:2      | Found a stormy altar of Qazlal.
  2172 | D:3      | Reached skill level 5 in Maces & Flails
  2432 | D:3      | Noticed a moth of wrath
  2435 | D:3      | Found a bloodstained altar of Trog.
  2482 | D:3      | Noticed Amnesiac's ghost (weakling OgWz)
  2487 | D:3      | Killed Amnesiac's ghost
  2487 | D:3      | Reached skill level 6 in Maces & Flails
  2487 | D:3      | Reached XP level 5. HP: 22/50 MP: 5/5
  2981 | D:2      | HP: 2/50 [gnoll/club (8)]
  3712 | D:4      | Noticed a phantom
  3855 | D:4      | Reached skill level 7 in Maces & Flails
  4175 | D:4      | Reached XP level 6. HP: 34/59 MP: 6/6
  4454 | D:3      | Killed a phantom
  4454 | D:3      | Reached skill level 8 in Maces & Flails
  4909 | D:5      | Entered Level 5 of the Dungeon
  4934 | D:5      | Noticed Grinder
  4934 | D:5      | Paralysed by Grinder for 5 turns
  4955 | D:5      | Gained mutation: You have a pair of small horns on your head. [potion of beneficial mutation]
  4959 | D:5      | Paralysed by Grinder for 3 turns
  4960 | D:5      | HP: 1/59 [hound (4)]
  4961 | D:5      | Slain by a hound

Vault maps used:
D:1:      minmay_arrival_radiant_lines
D:2:      kennysheep_the_goblin_king, lemuel_round_altar, first_bread
D:3:      kennysheep_nondescript, nrook_uturn, tgw_trog
D:5:      uniq_grinder, uniq_duvessa

Skill      XL: |  1  2  3  4  5  6 |
---------------+-------------------+-----
Maces & Flails | 1 3 4 6 7 8 |  8.3
Fighting       | |  2.6
Throwing       | |  4.1
Dodging        | |  1.7
Stealth        | |  0.6

Action                   |  1- 3 |  4- 6 || total
-------------------------+-------+-------++-------
Melee: Whip              |   119 |   245 ||   364
       Short sword       |     4 |       ||     4
       Flail             |       |     6 ||     6
Throw: Large rock        |    12 |    27 ||    39
       Throwing net      |       |     3 ||     3
  Use: Scroll            |       |     6 ||     6
       Potion            |       |     4 ||     4
  Eat: Chunk             |     2 |     6 ||     8
       Meat ration       |       |     1 ||     1
Armor: Robe              |    23 |    50 ||    73
Dodge: Dodged            |    53 |   133 ||   186
